 Dungeon Crawl Stone Soup version 0.30-a0-190-g22c9a3c0ff (webtiles) character file.

Game seed: 18182682954246893796

1604 Morbidden the Conjurer (level 8, -1/44 HPs)
             Began as a Deep Elf Conjurer on Oct 4, 2022.
             Was a Follower of Cheibriados.
             Engulfed by a steam dragon's steam (5 damage)
             ... on level 6 of the Dungeon.
             The game lasted 00:08:25 (7484 turns).

Morbidden the Conjurer (Deep Elf Conjurer)          Turns: 7484, Time: 00:08:26

Health: -1/44      AC:  2    Str:  6    XL:     8   Next: 63%
Magic:  26/29      EV: 15    Int: 28    God:    Cheibriados [*.....]
Gold:   318        SH:  5    Dex: 21    Spells: 10/20 levels left

rFire   . . .      SeeInvis .    a - +2 dagger (elec)
rCold   . . .      Faith    .    u - +0 buckler
rNeg    . . .      Spirit   .    c - +0 robe
rPois   .          Reflect  .    (no helmet)
rElec   .          Harm     .    (no cloak)
rCorr   .          Rampage  .    (no gloves)
Will    .....                    (no boots)
Stlth   +++.......               (no amulet)
HPRegen 0.27/turn                y - ring of magical power
MPRegen 0.21/turn                f - +6 ring of dexterity

@: very slow
A: no striking features
a: Renounce Religion, Bend Time


You were on level 6 of the Dungeon.
You worshipped Cheibriados.
Cheibriados was aware of your devotion.
You visited 2 branches of the dungeon, and saw 7 of its levels.
You also visited: Sewer.

You collected 318 gold pieces.

Inventory:

Hand Weapons
 a - a +2 dagger of electrocution (weapon)
Missiles
 e - a throwing net
 z - 5 curare-tipped darts (quivered)
Armour
 c - a +0 robe (worn)
 t - a +1 tower shield
 u - a +0 buckler (worn)
 A - a +0 scale mail
Jewellery
 f - a +6 ring of dexterity (right hand)
 y - a ring of magical power (left hand)
Scrolls
 h - 5 scrolls of identify
 i - a scroll of silence {unknown}
 k - 2 scrolls of magic mapping
 l - a scroll of amnesia {unknown}
 m - 2 scrolls of poison
 q - 2 scrolls of blinking {unknown}
 r - a scroll of fog {unknown}
 w - a scroll of acquirement {unknown}
 B - a scroll of fear {unknown}
Potions
 b - a potion of magic
 d - 2 potions of might
 g - a potion of berserk rage {unknown}
 n - a potion of mutation {unknown}
 o - a potion of brilliance {unknown}
 p - 2 potions of cancellation {unknown}
 s - a potion of degeneration {unknown}
 v - a potion of curing
 x - a potion of ambrosia
 C - 2 potions of heal wounds {unknown}


   Skills:
 * Level 1.9 Fighting
 * Level 2.8 Short Blades
 * Level 2.4 Armour
 * Level 4.9 Dodging
 + Level 3.7 Stealth
 * Level 1.5 Shields
 * Level 6.9 Spellcasting
 * Level 7.6 Conjurations
 * Level 2.8 Translocations
 * Level 1.7 Invocations


You had 10 spell levels left.
You knew the following spells:

 Your Spells              Type           Power      Damage    Failure   Level
a - Magic Dart            Conj           100%       1d8       1%          1
b - Searing Ray           Conj           100%       2d8       1%          2
x - Lesser Beckoning      Tloc           50%        N/A       7%          3
z - Iskenderun's Mystic   Conj/Tloc      39%        2d9       9%          4

Your spell library contained the following spells:

 Spells                   Type           Power      Damage    Failure   Level
 Dazzling Flash           Conj/Hex       62%        N/A       4%          3
 Gell's Gravitas          Tloc           25%        N/A       7%          3
 Teleport Other           Tloc           25%        N/A       7%          3
 Ensorcelled Hibernation  Hex/Ice        18%        N/A       11%         2
 Portal Projectile        Hex/Tloc       34%        N/A       12%         3
 Fulminant Prism          Conj/Hex       15%        3d11      16%         4
 Spider Form              Tmut/Pois      9%         N/A       22%         3
 Tukima's Dance           Hex            9%         N/A       22%         3
 Anguish                  Hex/Necr       4%         N/A       58%         4
 Blade Hands              Tmut           4%         N/A       90%         5


Dungeon Overview and Level Annotations

Branches:
Dungeon (6/15)             Temple (1/1) D:5           Sewer (visited)

Altars:
Cheibriados
Dithmenos
Fedhas
Hepliaklqana
Kikubaaqudgha
Makhleb
Nemelex Xobeh
Qazlal
Ru
Sif Muna
Vehumet
Wu Jian
Xom
Yredelemnul
Zin
The Shining One

Shops:
D:1 (   D:6 *

Annotations:
D:3 1 runed translucent door, LMSNoise's ghost, amateur KoEn
D:4 1 runed translucent door, Crazy Yiuf


Message History

Cheibriados thoroughly appreciates the change of pace.
Unknown command.
Unknown command.
C - 2 murky golden potions
Found a stone staircase leading down.
A steam dragon comes into view.
A steam dragon is nearby!
A steam dragon is nearby!
A steam dragon is nearby!
Casting: Searing Ray (safe; 1% risk of failure)
Confirm with . or Enter, or press ? or * to list all spells.
Aiming: Searing Ray (safe; 1% risk of failure)
Press: ? - help, Shift-Dir - straight line, f - steam dragon
Aim: a steam dragon (asleep, 100% to hit)
The searing ray hits the steam dragon.
The steam dragon is lightly wounded.
The steam dragon hisses angrily. (Press . to maintain the ray.)
The steam dragon breathes steam at you. The ball of steam hits you!!
Ouch! That really hurt!
You are engulfed in a cloud of scalding steam.
Unknown command.
Unknown command.
Casting: Searing Ray (safe; 1% risk of failure)
Confirm with . or Enter, or press ? or * to list all spells.
Aiming: Magic Dart (safe; 1% risk of failure)
Press: ? - help, Shift-Dir - straight line, f/p - steam dragon
Aim: a steam dragon (lightly wounded, 100% to hit)
The magic dart hits the steam dragon.
The steam dragon is moderately wounded.
The steam dragon breathes steam at you. The ball of steam hits you!
* * * LOW HITPOINT WARNING * * *
Unknown command.
Okay, then.
As you read the scroll of summoning, it crumbles to dust.
Wisps of shadow whirl around you...
You are engulfed in a cloud of scalding steam.
You die...

*,,,,,,,,,,,,,,,*
#.#************,**
#.#<,,*,,,,,,,*,,,
#.#**,*,*,,,,,*,,* ****** #.#
*,#,#*,*,,*,,* *,,,,* #.#
*.#.#,,*,,*,,* *,,,,*
#.###.#.#,,*,,*,,* *,,,,*
#.#...§D*,,*,,*,,*
*********,...###@#.#D###.##.,*,,*
,,,,,,,,,.....JW§§5§§§.....,,*,,*
*********....###n#.#..##.#,,,*,,*
,,,,,,,,+..,,,...#§#.....*,,,*,,*
*********,,,,#####.##.####...*,,*
### *,,,,* #...........*,,* ..#
****** ####.#####..*,,* ..#
#...........,,,, ..#
#.##.#####..#,,*


You could see a friendly necrophage (summoned, wandering), a friendly phantom
(summoned, wandering), a friendly jelly (summoned, wandering) and a friendly
white imp (summoned, wandering).

Vanquished Creatures
  2 water moccasins (D:6)
  A black bear (D:4)
  Pargi (Sewer)
  An ice beast (D:6)
  An ogre (D:5)
  A centaur (D:5)
  3 phantoms
  A kobold brigand (D:6)
  2 scorpions (D:6)
  4 orc priests (D:4)
  A hound (D:4)
  2 gnoll boudas
  Ijyb (D:3)
  An iguana (D:5)
  4 orc wizards (D:4)
  10 gnolls
  3 adders
  A river rat (D:6)
  3 worms
  4 dart slugs
  8 orcs
  6 bats
  6 endoplasms
  4 goblins
  2 hobgoblins
  A jackal (Sewer)
  A quokka (D:5)
  6 ball pythons
  3 frilled lizards
  3 kobolds
  5 rats
92 creatures vanquished.

Notes
Turn   | Place    | Note
-------+----------+-------------------------------------------
     0 | D:1      | Morbidden the Deep Elf Conjurer began the quest for the
                  | Orb.
     0 | D:1      | Reached XP level 1. HP: 10/10 MP: 6/6
   214 | D:1      | Found a faded altar of an unknown god.
   366 | D:1      | Found Lereybi's Weapon Shoppe.
   581 | D:1      | Reached XP level 2. HP: 12/15 MP: 4/8
  1465 | D:2      | Reached skill level 5 in Conjurations
  1636 | D:2      | Reached XP level 3. HP: 19/19 MP: 6/9
  1695 | D:2      | Learned a level 2 spell: Searing Ray
  2302 | D:3      | Found a burning altar of Makhleb.
  2340 | D:3      | Reached XP level 4. HP: 24/24 MP: 1/11
  2428 | D:3      | Noticed Ijyb
  2485 | D:3      | Killed Ijyb
  2632 | D:3      | Learned a level 4 spell: Iskenderun's Mystic Blast
  2713 | D:3      | Found a runed translucent door.
  2714 | D:3      | Noticed LMSNoise's ghost (amateur KoEn)
  3384 | D:4      | Reached XP level 5. HP: 18/28 MP: 6/13
  3545 | D:4      | Reached skill level 1 in Translocations
  3624 | D:4      | Reached skill level 6 in Conjurations
  3624 | D:4      | Reached XP level 6. HP: 33/33 MP: 1/14
  4126 | D:4      | Found a runed translucent door.
  4127 | D:4      | Noticed Crazy Yiuf
  4265 | D:4      | Reached skill level 1 in Fighting
  4414 | D:4      | Reached skill level 1 in Short Blades
  4416 | D:4      | Reached skill level 1 in Armour
  4893 | D:5      | Entered Level 5 of the Dungeon
  4935 | D:5      | Reached XP level 7. HP: 38/38 MP: 7/16
  4957 | D:5      | Reached skill level 5 in Spellcasting
  5494 | D:5      | Found a staircase to the Ecumenical Temple.
  5530 | Temple   | Entered the Ecumenical Temple
  5927 | D:5      | Learned a level 3 spell: Lesser Beckoning
  5984 | D:5      | Found a hazy altar of Hepliaklqana.
  5989 | D:5      | Found a snail-covered altar of Cheibriados.
  6020 | D:5      | Became a worshipper of Cheibriados the Contemplative
  6070 | D:5      | Reached skill level 7 in Conjurations
  6459 | D:6      | Found Ahirph's General Store.
  6556 | D:6      | Found a glowing drain.
  6583 | D:6      | Reached skill level 1 in Shields
  6697 | Sewer    | Entered a sewer
  6744 | Sewer    | Noticed Pargi
  6751 | Sewer    | Killed Pargi
  6752 | Sewer    | Reached skill level 1 in Invocations
  6752 | Sewer    | Reached XP level 8. HP: 28/43 MP: 17/18
  6996 | D:6      | Reached * piety under Cheibriados
  7484 | D:6      | Engulfed by a steam dragon's steam

Illustrated notes

Levels and vault maps discovered:
D:1:      scummos_arrival_checkerplants, layout_basic, serial_shops,
          nicolae_shop_bloodbath_and_beyond,
          shapermc_ecumenical_altar_totnotflames, amcnicky_mini_pool_small
D:2:      layout_basic, minmay_indecisive_spiral
D:3:      layout_basic, nicolae_overflow_crystal_walls,
          ebering_ghost_inner_flame, uniq_ijyb
D:4:      layout_loops_corners, uniq_crazy_yiuf_cottage
D:5:      layout_cave_pods, minitemple, minmay_temple_entry_offerings
D:6:      layout_basic, cheibrodos_sewer_entry_sluice, nicolae_stop_n_shop_1
Temple:   nicolae_temple_bog_church

Skill      XL: |  1  2  3  4  5  6  7  8 |
---------------+-------------------------+-----
Dodging        | 3 4 |  4.9
Conjurations   | 5 6 7 |  7.6
Stealth        | 3 |  3.7
Spellcasting   | 4 5 6 |  6.9
Translocations | 1 2 |  2.8
Fighting       | 1 |  1.9
Short Blades   | 1 2 |  2.8
Armour         | 1 2 |  2.4
Shields        | 1 |  1.5
Invocations    | 1 |  1.7

Action                   |  1- 3 |  4- 6 |  7- 9 || total
-------------------------+-------+-------+-------++-------
Melee: Dagger            |       |     8 |    10 ||    18
       Unarmed           |       |     1 |       ||     1
 Cast: Magic Dart        |    54 |    50 |    61 ||   165
       Searing Ray       |     2 |    10 |    20 ||    32
       Iskenderun's Myst |       |     1 |     1 ||     2
       Lesser Beckoning  |       |       |     1 ||     1
  Use: Potion            |       |     5 |       ||     5
       Scroll            |       |       |     7 ||     7
Armor: Robe              |     2 |     5 |     6 ||    13
Dodge: Dodged            |     5 |    14 |    30 ||    49
Block: Buckler           |       |       |     8 ||     8

Table legend: (Time is in decaauts)
 A = Elapsed time spent in this place.
 B = Non-inter-level travel time spent in this place.
 C = Inter-level travel time spent in this place.
 D = Time resting spent in this place.
 E = Time spent auto-exploring this place.
 F = Levels seen in this place.
 G = Mean time per level.
                   A        B        C        D        E       F      G
               +--------+--------+--------+--------+--------+-----+--------+
         Total |   7726 |   7427 |    299 |   1014 |   5596 |   8 |  965.8 |
       Dungeon |   7319 |   7037 |    282 |   1014 |   5265 |   6 | 1219.8 |
        Temple |    172 |    156 |     16 |      0 |    142 |   1 |  172.0 |
         Sewer |    234 |    234 |      0 |      0 |    188 |   1 |  234.0 |
               +--------+--------+--------+--------+--------+-----+--------+

Top non-repeatable levels by time:
     D:4: 1607 daAuts
     D:5: 1510 daAuts
     D:1: 1220 daAuts
     D:3: 1155 daAuts
     D:6: 933 daAuts
     D:2: 893 daAuts
   Sewer: 234 daAuts
  Temple: 172 daAuts
